 Dungeon Crawl Stone Soup version 0.23-a0-650-ga4d50d4 (webtiles) character file.

226 Borgoz the Sneak (level 6, -2/42 HPs)
             Began as a Halfling Assassin on Jan 6, 2019.
             Slain by a phantom (6 damage)
             ... on level 3 of the Dungeon.
             The game lasted 00:05:25 (3668 turns).

Borgoz the Sneak (Halfling Assassin)                Turns: 3668, Time: 00:05:25

Health: -2/42      AC:  3    Str: 12    XL:     6   Next: 22%
Magic:  6/6        EV: 16    Int:  9    God:
Gold:   214        SH:  0    Dex: 18    Spells: 5/5 levels left

rFire    . . .     SeeInvis .   a - +2 dagger
rCold    . . .     Gourm    .   (shield restricted)
rNeg     . . .     Faith    .   c - +0 robe
rPois    .         Spirit   .   (no helmet)
rElec    .         Reflect  .   d - +0 cloak
rCorr    .         Harm     .   (no gloves)
MR       .....                  (no boots)
Stlth    +++.......             (no amulet)
HPRegen  0.14/turn              (no ring)
MPRegen  0.10/turn              (no ring)

@: no status effects
A: small, mutation resistance 1
a: no special abilities


You were on level 3 of the Dungeon.
You were hungry.

You visited 1 branch of the dungeon, and saw 4 of its levels.

You collected 214 gold pieces.

Inventory:

Hand Weapons
 a - a +2 dagger (weapon)
 b - a +0 blowgun
Missiles
 e - 6 poisoned needles
 f - a curare-tipped needle
Armour
 c - a +0 robe (worn)
 d - a +0 cloak (worn)
 s - a +3 leather armour
Wands
 q - a wand of iceblast (6)
Scrolls
 h - 5 scrolls of identify {unknown}
 i - 4 scrolls of magic mapping {unknown}
 j - 2 scrolls of enchant armour {unknown}
 k - 2 scrolls of teleportation {unknown}
 l - 2 scrolls of amnesia {unknown}
 n - a scroll of fear {unknown}
 o - a scroll of remove curse {unknown}
 r - a scroll of immolation {unknown}
Potions
 m - 3 potions of curing {unknown}
 p - a potion of brilliance {unknown}
Comestibles
 g - 6 rations


   Skills:
 + Level 3.1 Fighting
 + Level 4.1 Short Blades
 - Level 2.0 Throwing
 + Level 3.2 Dodging
 + Level 5.6 Stealth


You had 5 spell levels left.
You didn't know any spells.
Your spell library was empty.

Dungeon Overview and Level Annotations

Branches:
Dungeon (4/15)
 Temple: D:4-7

Altars:
Cheibriados
Qazlal


Innate Abilities, Weirdness & Mutations

You are small and have problems with some larger weapons.
You are somewhat resistant to further mutation.


Message History

The phantom hits you.
The phantom blinks!
You barely miss the phantom.
The phantom is severely damaged.
The phantom closely misses you.
You hit the phantom but do no damage.
The phantom is severely damaged.
You closely miss the phantom.
The phantom is severely damaged.
The phantom hits you.
You barely miss the phantom.
The phantom is heavily damaged.
The phantom misses you.
You hit the phantom.
The phantom is severely damaged.
The phantom hits you!
* * * LOW HITPOINT WARNING * * *
You miss the phantom.
The phantom is severely damaged.
The phantom hits you.
You die...

##.###.##.#.####.######....
#......##...#....##.......#
##.##########.#####.#####..
#.....#.......# #.#####..
##.#.##.###########........
#.#....#...............###
#.##...#>#############.###
#.##.#.#.######## #.#..
#....#...@......# #.#.#
########W.......# #.#.#
#........# #.#.# #...######
## ###.. #...# ##8###8##
### #...##8...8...8##..
#...##.........##.#
#...#_.........>#.#
#...##.........##.#


You could see a phantom.

Vanquished Creatures
  A hound skeleton (D:4)
  6 adders
  7 gnolls
  5 worms
  5 dart slugs
  A ball python (D:1)
  5 giant cockroaches
  6 goblins
  7 hobgoblins
  3 jackals
  3 quokkas
  7 bats
  5 frilled lizards
  8 kobolds
  7 rats
76 creatures vanquished.

Notes
Turn   | Place    | Note
-------+----------+-------------------------------------------
     0 | D:1      | Borgoz the Halfling Assassin began the quest for the Orb.
     0 | D:1      | Reached XP level 1. HP: 14/14 MP: 1/1
    87 | D:1      | Reached XP level 2. HP: 15/19 MP: 2/2
   494 | D:1      | Reached XP level 3. HP: 24/24 MP: 3/3
  1034 | D:2      | Reached XP level 4. HP: 30/30 MP: 4/4
  1658 | D:3      | Reached skill level 5 in Stealth
  1808 | D:3      | Found a stormy altar of Qazlal.
  2121 | D:3      | Found a faded altar of an unknown god.
  2176 | D:3      | Reached XP level 5. HP: 31/35 MP: 5/5
  3006 | D:4      | Found a snail-covered altar of Cheibriados.
  3173 | D:4      | Reached XP level 6. HP: 42/42 MP: 6/6
  3620 | D:4      | Noticed a phantom
  3668 | D:3      | Slain by a phantom

Vault maps used:
D:1:      giann_horns
D:2:      minmay_crystal_room
D:3:      nicolae_overflow_hidden_temple, chequers_ecumenical_altar_island,
          first_ration
D:4:      zin_statuary, gammafunk_temple_overflow_elements,
          roderic_roman_lattice, st_stairs_11, kennysheep_slug_shrine

Skill      XL: |  1  2  3  4  5 |
---------------+----------------+-----
Fighting       | 2 3 |  3.1
Short Blades   | 3 4 |  4.1
Dodging        | 2 3 |  3.2
Stealth        | 5 |  5.6
Throwing       | |  2.0

Action                   |  1- 3 |  4- 6 || total
-------------------------+-------+-------++-------
Melee: Dagger            |    85 |   190 ||   275
 Fire: Blowgun           |       |    26 ||    26
 Stab: Sleeping          |    13 |     9 ||    22
       Distracted        |       |     3 ||     3
  Eat: Chunk             |       |     8 ||     8
Armor: Robe              |     5 |    24 ||    29
Dodge: Dodged            |    42 |    99 ||   141

Table legend:
 A = Non-vault XP
 B = Vault XP
 C = Vault XP percentage of total XP
 D = Non-vault monster count
 E = Vault monster count
 F = Vault count percentage of total count
                 A         B        C        D         E       F
            +---------+---------+-------+---------+---------+-------
      Total |     320 |       4 |   1.2 |      75 |       1 |   1.3
            +---------+---------+-------+---------+---------+-------
        D:1 |      30 |       0 |   0.0 |      18 |       0 |   0.0
        D:2 |      60 |       0 |   0.0 |      24 |       0 |   0.0
        D:3 |     146 |       0 |   0.0 |      24 |       0 |   0.0
        D:4 |      84 |       4 |   4.5 |       9 |       1 |  10.0
            +---------+---------+-------+---------+---------+-------
